 Dungeon Crawl Stone Soup version 0.28.0-45-g0d030f2227 (webtiles) character file.

Game seed: 17842206902338481805

64 protoss039 the Digger (level 4, -3/26 HPs)
             Began as a Gargoyle Earth Elementalist on May 10, 2022.
             Engulfed by a cloud of flame (10 damage)
             ... on level 2 of the Dungeon.
             The game lasted 00:03:44 (1954 turns).

protoss039 the Digger (Gargoyle Earth Elementalist) Turns: 1954, Time: 00:03:45

Health: -3/26      AC:  6    Str: 11    XL:     4   Next: 12%
Magic:  7/7        EV: 11    Int: 18    God:
Gold:   158        SH:  0    Dex: 10    Spells: 1/7 levels left

rFire   + . .      SeeInvis .   h - +0 spear
rCold   . . .      Faith    .   (no shield)
rNeg    + . .      Spirit   .   b - +0 robe
rPois   ∞          Reflect  .   (no helmet)
rElec   +          Harm     .   (no cloak)
rCorr   .          Rampage  .   (no gloves)
Will    .....                   f - +0 pair of boots
Stlth   ++........              (no amulet)
HPRegen 0.08/turn               e - ring of protection from fire
MPRegen 0.10/turn               (no ring)

@: no status effects
A: sickness immunity, AC +3, negative energy resistance 1, electricity
resistance, torment resistance 1, petrification resistance
a: no special abilities


You were on level 2 of the Dungeon.
You visited 1 branch of the dungeon, and saw 2 of its levels.

You collected 158 gold pieces.

Inventory:

Hand Weapons
 h - a +0 spear (weapon)
Missiles
 c - 22 stones
Armour
 b - a +0 robe (worn)
 f - a +0 pair of boots (worn)
 j - a +0 buckler
Jewellery
 e - a ring of protection from fire (left hand)
Scrolls
 a - a scroll of brand weapon {unknown}
 d - a scroll of enchant armour {unknown}
Potions
 g - a potion of mutation {unknown}
 i - a potion of invisibility {unknown}
 k - a potion of haste {unknown}


   Skills:
 * Level 2.1 Fighting
 + Level 1.5 Armour
 - Level 1.5 Dodging
 - Level 2.2 Stealth
 + Level 0.2 Shields
 + Level 2.3 Spellcasting
 - Level 1.0 Transmutations
 + Level 4.2 Earth Magic


You had one spell level left.
You knew the following spells:

 Your Spells              Type           Power      Damage    Failure   Level
a - Sandblast             Erth           34%        2d9       3%          1
b - Passwall              Tmut/Erth      9%         N/A       9%          2
c - Stone Arrow           Conj/Erth      18%        3d8       22%         3

Your spell library contained the following spells:

 Spells                   Type           Power      Damage    Failure   Level
 Ignite Poison            Fire/Tmut/Pois 3%         N/A       41%         3
 Conjure Flame            Conj/Fire      2%         6-21      45%         3
 Tukima's Dance           Hex            2%         N/A       45%         3
 Petrify                  Tmut/Erth      11%        N/A       52%         4
 Anguish                  Hex/Necr       1%         N/A       86%         4
 Sticky Flame             Conj/Fire      2%         2d3       86%         4
 Enfeeble                 Hex            1%         N/A       100%        7


Dungeon Overview and Level Annotations

Branches:
Dungeon (2/15)

Altars:


Innate Abilities, Weirdness & Mutations

You are immune to sickness and miasma.
Your stone body is resilient. (AC +3)
You are immune to poison.
You resist negative energy. (rN+)
You are resistant to electric shocks. (rElec)
You are resistant to unholy torment.
You are immune to petrification.


Message History

Unknown command.
No target in view!
You see here a bat corpse.
A dart slug comes into view.
A dart slug is nearby!
A dart slug is nearby!
A dart slug is nearby!
A dart slug is nearby!
You reach to attack!
The helpless dart slug fails to defend itself.
You hit the dart slug.
The dart slug is moderately wounded.
You hit the dart slug.
The dart slug is severely wounded.
The dart slug bites you but does no damage.
You hit the dart slug but do no damage.
The dart slug is severely wounded.
The dart slug launches a dart at you.
The slug dart hits you but does no damage.
Unknown command.
You hit the dart slug.
You kill the dart slug!
Unknown command.
No target in view!
Unknown command.
A goblin comes into view. It is wielding a +0 dagger.
Found 12 gold pieces.
A goblin is nearby!
A goblin is nearby!
A goblin is nearby!
Really walk into a travel-excluded area?
The goblin shouts!
Really walk into that cloud of flame?
Found a hand axe.
You are engulfed in blazing flames.
You resist.
You hit the goblin.
You kill the goblin!
You are engulfed in blazing flames.
You resist.
* * * LOW HITPOINT WARNING * * *
You are engulfed in blazing flames.
You resist.
You die...

#.### #§.§# #####.#.# #.#
####...#####.....#.# #.#
)§.$.$.§☼☼..#.#.#.# ### #.#
§..$..☼§§...>..#.# ##.## #.#
.$...○.°..#.#.#.# ..#.###.###
#...######...##.# .###......#
#☼§○# ##<###.# ..###.....#
#☼§§# #.# #.# .###......# #§@.#
###.###.#
..#.#.#########...#####.......#
.#.##.# ##.##.#.#..###.######
##.##.# #..........# #.#
#.##.#####..........# #.#
#.##.#.........#.#### #.#
#..).......#.....# #.#
####....####.....######.#
##....................#


There were no monsters in sight!

Vanquished Creatures
  3 adders (D:2)
  A dart slug (D:2)
  5 bats
  6 endoplasms
  3 giant cockroaches (D:1)
  3 goblins
  4 hobgoblins
  3 ball pythons (D:1)
  A frilled lizard (D:2)
  3 kobolds
  4 rats
36 creatures vanquished.

Vanquished Creatures (others)
  9 plants (D:2)
9 creatures vanquished.

Grand Total: 45 creatures vanquished

Notes
Turn   | Place    | Note
-------+----------+-------------------------------------------
     0 | D:1      | protoss039 the Gargoyle Earth Elementalist began the quest
                  | for the Orb.
     0 | D:1      | Reached XP level 1. HP: 10/10 MP: 3/3
   178 | D:1      | You fall into a shaft and drop 1 floor!
   227 | D:2      | Reached skill level 1 in Transmutations
   227 | D:2      | Reached XP level 2. HP: 9/16 MP: 3/5
   253 | D:2      | Reached skill level 1 in Fighting
   268 | D:2      | Reached skill level 1 in Armour
   271 | D:2      | Reached XP level 3. HP: 13/20 MP: 0/6
   561 | D:1      | Reached skill level 4 in Earth Magic
  1287 | D:1      | Found a faded altar of an unknown god.
  1397 | D:2      | Learned a level 2 spell: Passwall
  1401 | D:2      | Learned a level 3 spell: Stone Arrow
  1593 | D:2      | Reached XP level 4. HP: 22/26 MP: 7/7
  1954 | D:2      | Engulfed by a cloud of flame

Illustrated notes

Levels and vault maps discovered:
D:1:      lightli_arrival_isolated_outpost, layout_loops_ring,
          shapermc_ecumenical_altar_notcrosses, feat_on_display
D:2:      layout_loops_ring, serial_bayou_lagoon_a, lemuel_flame_loot_1

Skill      XL: |  1  2  3 |
---------------+----------+-----
Transmutations | 1 |  1.0
Fighting       | 1 2 |  2.1
Armour         | 1 |  1.5
Earth Magic    | 4 |  4.2
Dodging        | |  1.5
Stealth        | |  2.2
Shields        | |  0.2
Spellcasting   | |  2.3

Action                   |  1- 3 |  4- 6 || total
-------------------------+-------+-------++-------
Melee: Whip              |    12 |       ||    12
       Spear             |    74 |     9 ||    83
       Punch             |     1 |       ||     1
 Cast: Sandblast         |    11 |       ||    11
 Stab: Sleeping          |     3 |     1 ||     4
Armor: Robe              |    42 |     4 ||    46
Dodge: Dodged            |    48 |     4 ||    52
